 Dungeon Crawl Stone Soup version 0.28.0-53-g5a82cb258f (webtiles) character file.

Game seed: 13610677107998299846

199 LynnLen the Sneak (level 5, -1/35 HPs)
             Began as a Vampire Enchanter on Aug 3, 2022.
             Slain by Grinder (9 damage)
             ... on level 3 of the Dungeon.
             The game lasted 00:09:59 (3130 turns).

LynnLen the Sneak (Vampire Enchanter)               Turns: 3130, Time: 00:10:00

Health: -1/35      AC:  3    Str:  7    XL:     5   Next: 48%
Magic:  8/8        EV: 12    Int: 18    God:
Gold:   188        SH:  5    Dex: 16    Spells: 1/8 levels left

rFire   . . .      SeeInvis +   a - +1 dagger (freeze)
rCold   . . .      Faith    .   (no shield)
rNeg    . . .      Spirit   .   h - +0 leather armour
rPois   .          Reflect  +   (helmet restricted)
rElec   .          Harm     .   (no cloak)
rCorr   .          Rampage  .   (no gloves)
Will    .....                   (no boots)
Stlth   +++.......              g - amulet of reflection
HPRegen 0.31/turn               l - ring of wizardry
MPRegen 0.11/turn               (no ring)

@: healing quickly
A: alive, fangs 3, see invisible, vampiric 2, horns 1, wild magic 1
a: Exsanguinate


You were on level 3 of the Dungeon.
You visited 1 branch of the dungeon, and saw 3 of its levels.

You collected 188 gold pieces.

Inventory:

Hand Weapons
 a - a +1 dagger of freezing (weapon)
Missiles
 e - 16 sling bullets
 f - 183 stones (quivered)
 m - a throwing net
Armour
 h - a +0 leather armour (worn)
Jewellery
 g - an amulet of reflection (around neck)
 l - a ring of wizardry (left hand)
Scrolls
 b - a scroll of magic mapping {unknown}
 i - a scroll of immolation
Potions
 c - a potion of invisibility
 d - a potion of mutation


   Skills:
 + Level 4.6 Short Blades
 - Level 3.1 Dodging
 - Level 6.1 Stealth
 - Level 2.0 Spellcasting
 - Level 4.4 Hexes


You had one spell level left.
You knew the following spells:

 Your Spells              Type           Power      Damage    Failure   Level
a - Confusing Touch       Hex            22%        N/A       9%          3
b - Tukima's Dance        Hex            22%        N/A       9%          3
c - Freeze                Ice            8%         1d3       14%         1

Your spell library contained the following spells:

 Spells                   Type           Power      Damage    Failure   Level
 Animate Skeleton         Necr           4%         N/A       14%         1
 Apportation              Tloc           4%         N/A       14%         1
 Summon Small Mammal      Summ           8%         N/A       14%         1
 Ensorcelled Hibernation  Hex/Ice        24%        N/A       10%         2
 Dazzling Flash           Conj/Hex       24%        N/A       17%         3
 Corpse Rot               Necr/Air       4%         N/A       21%         2
 Poisonous Vapours        Pois/Air       4%         N/A       21%         2
 Frozen Ramparts          Ice            4%         1d2       38%         3
 Hailstorm                Conj/Ice       2%         3d3       75%         4


Dungeon Overview and Level Annotations

Branches:
Dungeon (3/15)

Altars:
Cheibriados

Shops:
D:2 :

Annotations:
D:3 Grinder


Innate Abilities, Weirdness & Mutations

Your natural rate of healing is accelerated.
You have razor-sharp teeth.
You have supernaturally acute eyesight. (SInv)
You are afflicted with vampirism and can become a bat while bloodless.
You have a pair of small horns on your head.
Your spells are a little harder to cast, but a little more powerful.


Message History

You hit Grinder. You headbutt Grinder, but do no damage.
Grinder is moderately wounded.
Grinder blinks!
You hit Grinder. You headbutt Grinder. Your bite misses Grinder.
Grinder is moderately wounded.
Grinder barely misses you.
You closely miss Grinder.
Grinder is moderately wounded.
Grinder gestures at you.
You suddenly lose the ability to move!
Grinder hits you.
You writhe in agony.
Grinder hits you!
You writhe in agony.
Grinder completely misses you. Grinder hits you.
* * * LOW HITPOINT WARNING * * *
You can move again.
Unknown command.
You feel better. You block Grinder's attack.
You feel better. You block Grinder's attack.
You barely miss Grinder.
Grinder is moderately wounded.
You hit Grinder but do no damage.
Grinder is moderately wounded.
Grinder gestures at you.
You suddenly lose the ability to move!
Grinder blinks!
Grinder says, "FISH!"
Grinder blinks!
Grinder hits you!
You writhe in agony.
Grinder hits you.
You writhe in agony.
* * * LOW HITPOINT WARNING * * *
Grinder gestures at you. Pain shoots through your body!
* * * LOW HITPOINT WARNING * * *
You can move again.
Unknown command.
This is a scroll of acquirement!
You see here the Incunabulum of Beguiling and Summoning.
Something appears at your feet! Grinder hits you!
You die...

#..)....... #...# #.# ##.## #.#
#.# #.# #.# #.# ##'## #.#
##...## . #.#### ##.....##
#######.. #.##.##
##...@...###.(......
###.....####....5....##.#...#.#
.......[...'.........'.......#
####....####.........##.#...##
#.......# ##.......###.# .##
#.##.##.# ##.....## #o# # #
#.##.# ##...## #.# #..#.# ##'##
#.# ##.#.# #..#####.#


You could see Grinder.

Vanquished Creatures
  An orc priest (D:3)
  Jessica (D:2)
  An orc wizard (D:3)
  A hound skeleton (D:3)
  Robin (D:3)
  2 adders
  4 dart slugs
  4 orcs (D:3)
  4 endoplasms
  A giant cockroach (D:1)
  12 goblins
  5 hobgoblins
  2 jackals (D:1)
  5 kobolds
  6 quokkas
  8 ball pythons
  3 bats
  2 frilled lizards (D:1)
  5 rats
68 creatures vanquished.

Notes
Turn   | Place    | Note
-------+----------+-------------------------------------------
     0 | D:1      | LynnLen the Vampire Enchanter began the quest for the Orb.
     0 | D:1      | Reached XP level 1. HP: 13/13 MP: 3/3
   456 | D:1      | Reached XP level 2. HP: 19/19 MP: 5/5
   466 | D:1      | Reached skill level 5 in Stealth
   473 | D:1      | Gained mutation: Your spells are a little harder to cast,
                  | but a little more powerful. [potion of mutation]
   473 | D:1      | Gained mutation: You have a pair of small horns on your
                  | head. [potion of mutation]
  1102 | D:2      | Found a snail-covered altar of Cheibriados.
  1166 | D:2      | Found Neiruts's Book Emporium.
  1302 | D:2      | Found a faded altar of an unknown god.
  1392 | D:2      | Noticed Jessica
  1397 | D:2      | Killed Jessica
  1398 | D:2      | Gained mutation: You are afflicted with vampirism and can
                  | become a bat while bloodless. [Vampire growth]
  1398 | D:2      | Reached XP level 3. HP: 17/24 MP: 6/6
  1426 | D:2      | Learned a level 3 spell: Confusing Touch
  1430 | D:2      | Learned a level 3 spell: Tukima's Dance
  1592 | D:2      | Reached XP level 4. HP: 30/30 MP: 7/7
  1594 | D:2      | Learned a level 1 spell: Freeze
  2432 | D:3      | Reached skill level 6 in Stealth
  2662 | D:3      | Reached XP level 5. HP: 34/35 MP: 6/8
  2712 | D:3      | Noticed Robin
  2746 | D:3      | Killed Robin
  3086 | D:3      | Noticed Grinder
  3115 | D:3      | Paralysed by Grinder for 4 turns
  3123 | D:3      | Paralysed by Grinder for 6 turns
  3130 | D:3      | Identified a scroll of acquirement
  3130 | D:3      | Acquired the Incunabulum of Beguiling and Summoning
  3130 | D:3      | Slain by Grinder

Illustrated notes

Levels and vault maps discovered:
D:1:      dpeg_arrival_erosion, layout_loops_ring, minivault_27
D:2:      layout_basic, basic_altar, serial_shops, nicolae_shop_behind_doors,
          dreamdust_ecumenical_altar_statues, uniq_jessica
D:3:      layout_loops_corners, uniq_grinder, uniq_robin

Skill      XL: |  1  2  3  4  5 |
---------------+----------------+-----
Stealth        | 5 6 |  6.1
Short Blades   | 2 3 4 |  4.6
Dodging        | 3 |  3.1
Spellcasting   | |  2.0
Hexes          | |  4.4

Action                   |  1- 3 |  4- 6 || total
-------------------------+-------+-------++-------
Melee: Dagger            |    96 |   123 ||   219
       Bite              |     8 |    15 ||    23
       Headbutt          |    10 |    27 ||    37
       Punch             |       |     2 ||     2
Throw: Stone             |       |     1 ||     1
 Cast: Freeze            |       |     9 ||     9
       Confusing Touch   |       |     1 ||     1
  Use: Scroll            |     1 |     3 ||     4
       Potion            |     1 |     2 ||     3
 Stab: Sleeping          |     8 |     5 ||    13
Armor: Robe              |     5 |     7 ||    12
       Leather armour    |       |    11 ||    11
Dodge: Dodged            |    46 |    63 ||   109
Block: Other             |     3 |    32 ||    35
